 Dungeon Crawl Stone Soup version 0.18.1-8-gdd0e5ea (webtiles) character file.

205 raph the Chiller (level 5, -12/35 HPs)
             Began as a Merfolk Ice Elementalist on May 26, 2016.
             Mangled by an ogre
             ... wielding a +0 giant club
              (24 damage)
             ... on level 3 of the Dungeon.
             The game lasted 00:09:28 (3953 turns).

raph the Chiller (Merfolk Ice Elementalist)         Turns: 3953, Time: 00:09:29

Health: -12/35     AC: 11    Str:  8    XL:     5   Next: 83%
Magic:  1/8        EV: 13    Int: 15    God:
Gold:   160        SH:  6    Dex: 15    Spells: 3 memorised, 2 levels left

rFire  . . .     SeeInvis .     l - +0 spear
rCold  . . .     Gourm    .     a - +0 robe
rNeg   . . .     Faith    .     t - +2 buckler
rPois  .         Spirit   .     j - +1 helmet
rElec  .         Dismiss  .     (no cloak)
rCorr  .         Reflect  .     (no gloves)
SustAt .         Harm     .     (no boots)
MR     .....                    (no amulet)
Stlth  +++.......               (no ring)
                                i - +2 ring of protection

@: icy armour, very slightly contaminated, slow, not resistant to hostile
enchantments, fairly stealthy
A: change form in water, swift swim
a: no special abilities


You were on level 3 of the Dungeon.
You were not hungry.

You visited 1 branch of the dungeon, and saw 3 of its levels.

You collected 160 gold pieces.

Inventory:

Hand Weapons
 l - a +0 spear (weapon)
Armour
 a - a +0 robe (worn)
 j - a +1 helmet (worn)
 t - a +2 buckler (worn)
Magical Staves
 A - an uncursed staff of energy
Jewellery
 i - a +2 ring of protection (left hand)
Wands
 w - a wand of iceblast (5/15)
Scrolls
 g - a scroll of fear {unknown}
 m - a scroll of blinking {unknown}
 q - 2 scrolls of fog {unknown}
 r - 2 scrolls of identify {unknown}
 y - a scroll of enchant weapon {unknown}
 C - a scroll of random uselessness {unknown}
 D - a scroll of teleportation
Potions
 d - a potion of ambrosia {unknown}
 e - a potion of invisibility {unknown}
 f - a potion of haste {unknown}
 h - 3 potions of heal wounds {unknown}
 k - a potion of might {unknown}
 n - a potion of degeneration {unknown}
 o - a potion of cure mutation {unknown}
 p - 2 potions of brilliance {unknown}
 s - a potion of lignification {unknown}
 u - 2 potions of curing {unknown}
 v - 2 potions of cancellation {unknown}
 z - a potion of flight {unknown}
Books
 b - a book of Frost

   Spells                             Type                      Level
   a - Freeze                         Ice                          1
   b - Throw Frost                    Conjuration/Ice              2
   c - Ozocubu's Armour               Charms/Ice                   3
   d - Throw Icicle                   Conjuration/Ice              4
   e - Summon Ice Beast               Ice/Summoning                4
Comestibles
 c - 6 bread rations
 x - 5 fruits
 B - 7 chunks of flesh


   Skills:
 + Level 0.8 Polearms
 + Level 4.1 Dodging
 + Level 3.6 Stealth
 + Level 1.5 Shields
 - Level 2.2 Spellcasting
 - Level 0.7 Conjurations
 + Level 1.4 Charms
 * Level 4.7 Ice Magic


You had 2 spell levels left.
You knew the following spells:

 Your Spells              Type           Power        Failure   Level  Hunger
a - Freeze                Ice            ###.         6%          1    #......
b - Throw Frost           Conj/Ice       #.....       17%         2    ###....
c - Ozocubu's Armour      Chrm/Ice       ##......     28%         3    ###....


Dungeon Overview and Level Annotations

Branches:
Dungeon (3/15)

Altars:
Dithmenos
Makhleb
Nemelex Xobeh
Vehumet


Message History

You are very lightly contaminated with residual magic.
Multicoloured lights dance before your eyes!
Casting: Ozocubu's Armour
Confirm with . or Enter, or press ? or * to list all spells.
A film of ice covers your body!
Casting: Ozocubu's Armour
Confirm with . or Enter, or press ? or * to list all spells.
You don't have enough magic to cast that spell.
You hit the ogre.
The ogre is moderately wounded.
The ogre hits you with a giant club!!
Ouch! That really hurt!
You hit the ogre.
The ogre is moderately wounded.
The ogre misses you.
You barely miss the ogre.
The ogre is moderately wounded.
The ogre hits you with a giant club!!
Ouch! That really hurt!
You die...

#..#....# #..........##. .
......# #...........#. ..
......###.............
..#####.......#####.......
..##...##.....##...##......
..##.....##...##.....##..#.#
####...#.......#...#.......#..#..
#......#..[..).'O..'.).....#.....
..#.#..#.......#@..#.......#.....
.......##.....##...##.....##.##.#
##.....###...###...###...##..##..
##.....# ##### #...# #####...##..
.......###...###...###...##..####
...#...##.....##...##.....##.## #
#......#....[..#...#.......#..# #
#....>.#....)..'...'....)..#..# #
.....#.#.......#...#.......#..# #


You could see an ogre.

Vanquished Creatures
  Terence (D:3)
  8 adders
  2 gnolls (D:3)
  2 oozes
  4 worms
  A dart slug (D:3)
  3 giant geckos
  An orc (D:3)
  2 ball pythons (D:3)
  7 bats
  4 giant cockroaches
  8 goblins
  9 hobgoblins
  2 jackals (D:3)
  2 quokkas (D:2)
  4 giant newts
  2 kobolds
  5 rats
67 creatures vanquished.

Notes
Turn   | Place    | Note
--------------------------------------------------------------
     0 | D:1      | raph the Merfolk Ice Elementalist began the quest for the Orb.
     0 | D:1      | Reached XP level 1. HP: 13/13 MP: 3/3
   573 | D:1      | Reached XP level 2. HP: 19/19 MP: 1/5
   652 | D:1      | Learned a level 2 spell: Throw Frost
   917 | D:2      | Found a sparkling altar of Nemelex Xobeh.
  1051 | D:2      | Reached XP level 3. HP: 24/24 MP: 2/6
  1179 | D:2      | Learned a level 3 spell: Ozocubu's Armour
  1210 | D:2      | Found a faded altar to an unknown god.
  1792 | D:2      | Reached XP level 4. HP: 30/30 MP: 1/7
  2255 | D:3      | Found a burning altar of Makhleb.
  2364 | D:3      | Noticed Terence
  2387 | D:3      | Found a shadowy altar of Dithmenos.
  3005 | D:3      | Reached XP level 5. HP: 35/35 MP: 3/8
  3128 | D:3      | Reached skill level 1 in Shields
  3128 | D:3      | Reached skill level 1 in Charms
  3566 | D:3      | Found a radiant altar of Vehumet.
  3609 | D:3      | Killed Terence
  3943 | D:3      | Noticed an ogre
  3953 | D:3      | Mangled by an ogre

Skill      XL: |  1  2  3  4  5 |
---------------+----------------+-----
Dodging        | 3 4 |  4.1
Stealth        | 3 |  3.6
Ice Magic      | 4 |  4.7
Shields        | 1 |  1.5
Charms         | 1 |  1.4
Polearms       | |  0.8
Spellcasting   | |  2.2
Conjurations   | |  0.7

Action                   |  1- 3 |  4- 6 || total
-------------------------+-------+-------++-------
Melee: Unarmed           |     3 |       ||     3
       Spear             |    14 |    27 ||    41
 Cast: Freeze            |    48 |    78 ||   126
       Throw Frost       |     7 |    10 ||    17
       Ozocubu's Armour  |       |     3 ||     3
  Use: Scroll            |       |     3 ||     3
 Stab: Sleeping          |     1 |     1 ||     2
  Eat: Chunk             |     4 |     9 ||    13
Armor: Robe              |    21 |    18 ||    39
Dodge: Dodged            |    39 |    50 ||    89
Block: Buckler           |       |     4 ||     4
